 Dungeon Crawl Stone Soup version 0.23.1-37-gaa34b87b72 (webtiles) character file.

Game seed: 2016953740521462505

166332 PentaManta the Sniper (level 18, 0/132 HPs)
             Began as a Kobold Hunter on Mar 21, 2019.
             Was a High Priest of Okawaru.
             Slain by an emperor scorpion (8 damage)
             ... on level 4 of the Spider Nest.
             The game lasted 02:15:50 (33580 turns).

PentaManta the Sniper (Kobold Hunter)              Turns: 33580, Time: 02:15:50

Health: 0/132      AC: 15    Str: 17    XL:     18   Next: 53%
Magic:  18/18      EV: 17    Int: 11    God:    Okawaru [*****.]
Gold:   2839       SH:  0    Dex: 27    Spells: 17/17 levels left

rFire    . . .     SeeInvis +   N - +1 arbalest (elec)
rCold    . . .     Gourm    .   (shield currently unavailable)
rNeg     . . .     Faith    .   E - +3 leather armour of Lugonu's Supremacy {+Blink}
rPois    +         Spirit   .   g - +1 hat {MR+}
rElec    .         Reflect  +   b - +0 cloak
rCorr    .         Harm     .   M - +2 pair of gloves of Xubutuot {Dex+4 Slay+2}
MR       +++..                  F - +2 pair of boots {Stlth+}
Stlth    ++++++....             k - +5 amulet of reflection
HPRegen  0.32/turn              H - ring of the King {Dex+6 SInv}
MPRegen  0.16/turn              T - ring of poison resistance

@: held
A: small, carnivore, dopey 1, magic resistance 1, robust 1, strong 1
a: Heroism, Finesse, Renounce Religion, Evoke Blink


You were on level 4 of the Spider Nest.
You worshipped Okawaru.
Okawaru was extremely pleased with you.
You were not hungry.

You visited 5 branches of the dungeon, and saw 28 of its levels.
You also visited: Sewer.

You collected 3119 gold pieces.
You spent 280 gold pieces at shops.

Inventory:

Hand Weapons
 A - the +3 spear of Toreluq {protect, rPois Int+3}
   (You found it on level 6 of the Dungeon)

   It protects the one who uses it against injury (+AC on strike).
   It affects your intelligence (+3).
   It protects you from poison.
 N - a +1 arbalest of electrocution (weapon)
 S - the +12 triple crossbow "Ymowonk" {flame, rPois rF+ rC+ rN+}
   (Okawaru gifted it to you on level 3 of the Lair of Beasts)

   It causes projectiles fired from it to burn those they strike, causing extra
   injury to most foes and up to half again as much damage against particularly
   susceptible opponents.
   It protects you from fire.
   It protects you from cold.
   It protects you from poison.
   It protects you from negative energy.
Missiles
 c - 76 bolts (quivered)
Armour
 b - a +0 cloak (worn)
 g - a +1 hat of magic resistance (worn)
 E - the +3 leather armour of Lugonu's Supremacy (worn) {+Blink}
   (You found it on level 6 of the Dungeon)

   It lets you blink.
 F - a +2 pair of boots of stealth (worn)
 K - the +0 ring mail "Muonot" {rF++ rCorr Int+8 Dex-4}
   (You found it on level 15 of the Dungeon)

   It affects your intelligence (+8).
   It affects your dexterity (-4).
   It greatly protects you from fire.
   It provides partial protection from all sources of acid and corrosion.
 M - the +2 pair of gloves of Xubutuot (worn) {Dex+4 Slay+2}
   (You found it on level 10 of the Dungeon)

   It affects your dexterity (+4).
   It affects your accuracy and damage with ranged weapons and melee attacks
   (+2).
Jewellery
 k - a +5 amulet of reflection (around neck)
 t - an uncursed ring of protection from cold
 C - the ring of the Mage {Wiz MR++ Int+3}
   (You found it on level 6 of the Lair of Beasts)

   [ring of wizardry]

   It improves your spell success rate.
   It affects your intelligence (+3).
   It affects your resistance to hostile enchantments.
 H - the ring of the King (left hand) {Dex+6 SInv}
   (You found it on level 6 of the Lair of Beasts)

   [ring of see invisible]

   It affects your dexterity (+6).
   It lets you see invisible.
 T - a ring of poison resistance (right hand)
 Z - an uncursed ring of positive energy
Wands
 q - a wand of acid (40)
 u - a wand of enslavement (10)
 D - a wand of polymorph (14)
 O - a wand of digging (15)
 P - a wand of scattershot (6)
 X - a wand of clouds (15)
Scrolls
 e - 14 scrolls of teleportation
 m - 3 scrolls of amnesia
 n - a scroll of fog
 o - 4 scrolls of enchant weapon
 r - 4 scrolls of enchant armour
 s - 2 scrolls of magic mapping
 x - 15 scrolls of remove curse
 B - a scroll of blinking
 I - 2 scrolls of fear
 Q - a scroll of holy word
 U - 6 scrolls of identify
Potions
 a - 2 potions of curing
 d - 4 potions of might
 h - 6 potions of brilliance
 j - 2 potions of haste
 l - 5 potions of ambrosia
 v - 2 potions of flight
 w - 2 potions of magic
 z - 5 potions of lignification
 G - 2 potions of cancellation
 J - a potion of berserk rage
 L - a potion of mutation
 W - a potion of agility
 Y - 4 potions of resistance
Miscellaneous
 i - a box of beasts
 R - a sack of spiders
 V - a fan of gales
Comestibles
 f - 44 rations


   Skills:
 - Level 16.1 Fighting
 * Level 23.2 Crossbows
 - Level 7.0 Armour
 - Level 17.0 Dodging
 - Level 10.0 Stealth


You had 17 spell levels left.
You didn't know any spells.
Your spell library contained the following spells:

 Spells                   Type           Power        Failure   Level  Hunger
 Apportation              Tloc           #.....       38%         1    ##.....
 Beastly Appendage        Tmut           #.....       38%         1    ##.....
 Confusing Touch          Hex            #.....       38%         1    ##.....
 Summon Butterflies       Summ           #.......     38%         1    ##.....
 Poisonous Vapours        Pois/Air       #.....       54%         2    ###....
 Sticks to Snakes         Tmut           #.......     54%         2    ###....
 Confuse                  Hex            #.......     77%         3    ####...
 Gell's Gravitas          Tloc           #.........   77%         3    ####...
 Lesser Beckoning         Tloc           #.........   77%         3    ####...
 Mephitic Cloud           Conj/Pois/Air  #.......     77%         3    ####...
 Spider Form              Tmut/Pois      #.........   77%         3    ####...
 Static Discharge         Conj/Air       #.......     77%         3    ####...
 Tukima's Dance           Hex            #.......     77%         3    ####...
 Ice Form                 Ice/Tmut       #.......     99%         4    #####..
 Petrify                  Tmut/Erth      #.......     99%         4    #####..
 Summon Lightning Spire   Summ/Air       #.......     99%         4    #####..
 Alistair's Intoxication  Tmut/Pois      #.......     100%        5    ######.
 Blade Hands              Tmut           #.........   100%        5    ######.
 Bolt of Magma            Conj/Fire/Erth #.........   100%        5    ######.
 Iskenderun's Battlesphe  Conj/Chrm      #.......     100%        5    ######.
 Lightning Bolt           Conj/Air       #.........   100%        5    ######.
 Metabolic Englaciation   Hex/Ice        #.........   100%        5    ######.
 Venom Bolt               Conj/Pois      #.........   100%        5    ######.
 Yara's Violent Unravell  Hex/Tmut       #.........   100%        5    ######.
 Invisibility             Hex            #.......     100%        6    #######
 Iron Shot                Conj/Erth      #.........   100%        6    #######
 Orb of Destruction       Conj           #.........   100%        7    #######
 Spellforged Servitor     Conj/Summ      #.........   100%        7    #######


Dungeon Overview and Level Annotations

Branches:
Dungeon (15/15)            Temple (1/1) D:7            Lair (6/6) D:8
 Shoals (0/4) Lair:4       Spider (4/4) Lair:3        Slime (0/5) Lair:6
    Orc (2/2) D:9             Elf (0/3) Orc:2        Vaults (0/5) D:14
 Depths (0/5) D:15

Altars:
Ashenzari
Cheibriados
Dithmenos
Elyvilon
Fedhas
Gozag
Hepliaklqana
Kikubaaqudgha
Makhleb
Nemelex Xobeh
Okawaru
Qazlal
Ru
Sif Muna
Trog
Uskayaw
Vehumet
Wu Jian
Xom
Yredelemnul
Zin
The Shining One
Jiyva

Shops:
D:6 }   D:13 [   Orc:1 ?   Orc:2 ((!:

Annotations:
D:15 2 transporters, mora's ghost, journeyman GnCj


Innate Abilities, Weirdness & Mutations

You are small and have problems with some larger weapons.
You are carnivorous and can eat meat at any time.
You are dopey. (Int -2)
You are resistant to hostile enchantments. (MR+)
You are robust. (+10% HP)
Your muscles are strong. (Str +2)


Message History

The jumping spider bites you but does no damage.
There is a web here.
You struggle to detach yourself from the web.
The redback bites you.
* * * LOW HITPOINT WARNING * * *
You are lethally poisoned!
The redback poisons you!
The emperor scorpion closely misses you.
The emperor scorpion claws you!
* * * LOW HITPOINT WARNING * * *
The emperor scorpion claws you.
* * * LOW HITPOINT WARNING * * *
The jumping spider pounces on you but does no damage.
The jumping spider bites you but does no damage.
The redback closely misses you.
You feel better. The jumping spider closely misses you.
The jumping spider misses you. The emperor scorpion stings you!!
* * * LOW HITPOINT WARNING * * *
The emperor scorpion claws you!
You die...

#≈...#####.≈.........≈.##
#...≈##..###....##..≈###
##^≈.†≈≈≈.############
###..≈≈≈.# #(.≈#..#
#≈..#### ##..^## ##^..##
#.s@.# #.ss≈# ##((..#
≈≈≈(?..# ..≈(≈#...^.
##(≈#######... ### ##^


You could see an emperor scorpion, a jumping spider and a redback.

Vanquished Creatures
  Jorgrun (Orc:1)
  Agnes (Spider:2)
  Donald (Spider:2)
  2 emperor scorpions
  A juggernaut zombie (D:15)
  2 stone giants
  The ghost of P0WERM0DE the Cleaver, a journeyman DDFi of Makhleb (Lair:6)
  An ironheart preserver (D:14)
  2 entropy weavers
  A dire elephant (Lair:5)
  The ghost of barcode the Geomancer, a journeyman HaWz of Vehumet (Lair:6)
  Snorg (Orc:1)
  A spark wasp (Spider:3)
  The ghost of Ethylacetat the Carver, a journeyman NaGl of Cheibriados (D:11)
  4 ogre magi
  9 hydras
  The ghost of VeryBadPlayer the Fighter, a novice MiFi of Okawaru (D:10)
  A catoblepas (Lair:6)
  A death knight (D:13)
  Erica (Lair:1)
  A dancing weapon (D:8)
  19 two-headed ogres
  A queen ant (D:13)
  A vampire mage (D:15)
  5 death yaks (Lair:6)
  A deep troll shaman (Lair:6)
  2 tengu warriors
  4 sun demons
  5 skeletal warriors
  2 unseen horrors
  2 wizards (D:15)
  2 lindwurms (Lair:6)
  A necromancer (D:15)
  An orc sorcerer (Orc:2)
  4 deep elf magi
  20 wolf spiders
  A moth of wrath (Spider:2)
  14 ugly things
  16 orb spiders
  3 manticores
  4 oklob plants
  7 cyclopes
  A merfolk siren (Lair:4)
  Maurice (D:13)
  Joseph (D:7)
  3 black mambas
  24 elephants
  A frost giant skeleton (D:15)
  A fire giant skeleton (D:15)
  13 spiny frogs
  A gargoyle (D:15)
  A spiny frog (shapeshifter) (D:15)
  4 kobold demonologists
  9 komodo dragons
  A spriggan zombie (D:15)
  A rime drake (shapeshifter) (D:14)
  3 rime drakes (Lair:6)
  A torpor snail (Spider:1)
  10 demonic crawlers
  2 efreet (D:14)
  A freezing wraith (D:14)
  4 red devils (D:14)
  2 tengu conjurers
  A guardian mummy (D:15)
  6 meliai (D:15)
  18 jumping spiders
  3 polar bears
  4 tyrant leeches
  7 trolls
  6 hornets
  8 blink frogs
  14 hippogriffs
  8 slime creatures
  2 dream sheep
  63 redbacks
  A vampire (D:13)
  A spriggan (Lair:5)
  26 tarantellas
  Sigmund (D:2)
  6 wraiths
  2 shadows
  2 basilisks
  22 yaks
  The ghost of chimenez the Shield-Bearer, an amateur GnFi of Okawaru (D:8)
  4 wyverns
  A steam dragon (Lair:6)
  2 vampire mosquitoes (D:14)
  2 hungry ghosts
  5 large abominations (D:15)
  23 soldier ants (D:13)
  6 water moccasins
  A meliai simulacrum (D:14)
  4 porcupines
  Purgy (Sewer)
  9 orc warriors
  A swamp drake (Lair:6)
  3 black bears
  2 ice beasts
  32 ogres
  6 sky beasts
  A necrophage (D:9)
  3 phantoms
  7 small abominations (D:15)
  4 wolves (Lair:6)
  23 centaurs
  8 crocodiles
  4 big kobolds
  4 earth elementals (Spider:2)
  17 bullfrogs
  7 scorpions
  3 wights (D:6)
  5 howler monkeys
  An electric eel (Lair:4)
  6 crimson imps
  2 bullfrog zombies
  6 centaur zombies
  2 quasits
  2 bullfrog skeletons
  Crazy Yiuf (D:6)
  2 gnoll shamans (D:7)
  9 orc priests
  5 hounds
  3 jellies
  18 orc wizards
  5 centaur skeletons
  6 iguanas
  Ijyb (D:5)
  27 worker ants
  3 hound zombies
  16 adders
  10 gnolls
  A river rat (D:5)
  A shadow imp (D:14)
  A white imp (D:6)
  An adder zombie (D:8)
  A worm (D:3)
  3 dart slugs
  10 leopard geckos
  60 orcs
  5 bats
  5 giant cockroaches
  10 goblins
  8 hobgoblins
  9 jackals
  23 kobolds
  5 quokkas
  5 ball pythons
  5 frilled lizards
  A goblin skeleton (D:6)
  3 goblin zombies (D:6)
  6 hobgoblin zombies (D:6)
  3 kobold skeletons (D:6)
  2 leopard gecko zombies
  An orc skeleton (D:6)
  A quokka skeleton (D:9)
  9 rats
  2 fungi (Lair:5)
  3 plants
934 creatures vanquished.

Vanquished Creatures (collateral kills)
  An entropy weaver (D:13)
  Sonja (Orc:1)
  An ugly thing (D:11)
  A kobold (D:13)
4 creatures vanquished.

Vanquished Creatures (others)
  A centaur warrior (D:13)
  A redback (Spider:3)
  4 centaurs (D:11)
  A big kobold (D:8)
  38 fungi
  19 plants
  7 withered plants
71 creatures vanquished.

Grand Total: 1009 creatures vanquished

Notes
Turn   | Place    | Note
-------+----------+-------------------------------------------
     0 | D:1      | PentaManta the Kobold Hunter began the quest for the Orb.
     0 | D:1      | Reached XP level 1. HP: 12/12 MP: 1/1
    72 | D:1      | Reached skill level 5 in Crossbows
    72 | D:1      | Reached XP level 2. HP: 18/18 MP: 2/2
   305 | D:1      | Reached XP level 3. HP: 22/22 MP: 3/3
   376 | D:1      | You fall through a shaft!
   384 | D:2      | Noticed a scorpion
   389 | D:2      | Killed a scorpion
   389 | D:2      | Reached XP level 4. HP: 28/28 MP: 4/4
   763 | D:2      | Noticed Sigmund
   768 | D:2      | Killed Sigmund
   768 | D:2      | Reached skill level 6 in Crossbows
   768 | D:2      | Reached XP level 5. HP: 21/33 MP: 5/5
   768 | D:2      | Reached XP level 6. HP: 24/38 MP: 6/6
  1777 | D:3      | Found a bloodstained altar of Trog.
  1845 | D:3      | Reached skill level 5 in Dodging
  2033 | D:3      | Found a shimmering altar of Xom.
  2449 | D:4      | Reached XP level 7. HP: 42/44 MP: 7/7
  2902 | D:4      | You fall through a shaft!
  2902 | D:5      | Entered Level 5 of the Dungeon
  2902 | D:5      | Found a glowing drain.
  2950 | D:5      | Found a shadowy altar of Dithmenos.
  2972 | Sewer    | Entered a sewer
  3154 | Sewer    | Noticed Purgy
  3202 | Sewer    | Gained mutation: You are occasionally teleported next to
                  | monsters. [potion of mutation]
  3202 | Sewer    | Gained mutation: You are partially covered in thin metallic
                  | scales. (AC +2) [potion of mutation]
  3203 | Sewer    | Lost mutation: You are partially covered in thin metallic
                  | scales. (AC +2) [potion of mutation]
  3203 | Sewer    | Lost mutation: You are occasionally teleported next to
                  | monsters. [potion of mutation]
  3203 | Sewer    | Gained mutation: You are dopey. (Int -2) [potion of
                  | mutation]
  3203 | Sewer    | Gained mutation: Your muscles are strong. (Str +2) [potion
                  | of mutation]
  3203 | Sewer    | Gained mutation: You are resistant to hostile enchantments.
                  | (MR+) [potion of mutation]
  3203 | Sewer    | Gained mutation: You are robust. (+10% HP) [potion of
                  | mutation]
  3223 | Sewer    | Killed Purgy
  3223 | Sewer    | Reached skill level 5 in Fighting
  3223 | Sewer    | Reached skill level 7 in Crossbows
  3389 | D:5      | Noticed Ijyb
  3400 | D:5      | Killed Ijyb
  3686 | D:5      | Reached XP level 8. HP: 54/55 MP: 8/8
  3802 | D:5      | Found a glowing silver altar of Zin.
  3922 | D:5      | Found an ornate altar of the Wu Jian Council.
  3971 | D:6      | Reached skill level 8 in Crossbows
  4177 | D:6      | Got a blackened spear
  4346 | D:6      | Found a glowing golden altar of the Shining One.
  4508 | D:6      | Identified the +3 spear of Toreluq {protect, rPois Int+3}
                  | (You found it on level 6 of the Dungeon)
  4648 | D:6      | Found a runed translucent door.
  4649 | D:6      | Noticed Crazy Yiuf
  4730 | D:6      | Killed Crazy Yiuf
  4928 | D:6      | Reached XP level 9. HP: 62/62 MP: 9/9
  4995 | D:6      | Found a burning altar of Makhleb.
  5171 | D:6      | Got a heavily runed leather armour
  5178 | D:6      | Found Tashrexi's Gadget Boutique.
  5303 | D:6      | Bought a box of beasts for 280 gold pieces
  5313 | D:6      | Identified the +3 leather armour of Lugonu's Supremacy
                  | {+Blink} (You found it on level 6 of the Dungeon)
  5400 | D:7      | Noticed Joseph
  5410 | D:7      | Killed Joseph
  5410 | D:7      | Reached skill level 9 in Crossbows
  5878 | D:7      | Found a staircase to the Ecumenical Temple.
  5883 | Temple   | Entered the Ecumenical Temple
  6022 | Temple   | Became a worshipper of Warmaster Okawaru
  6195 | D:7      | Noticed a hippogriff
  6520 | D:7      | Killed a hippogriff
  6520 | D:7      | Reached skill level 10 in Crossbows
  6583 | D:8      | Found a runed translucent door.
  6584 | D:8      | Found a shimmering altar of Xom.
  6584 | D:8      | Noticed chimenez's ghost (amateur GnFi)
  6584 | D:8      | Noticed a +2 mace of chaos
  6597 | D:8      | Reached * piety under Okawaru
  6597 | D:8      | Reached XP level 10. HP: 67/71 MP: 10/10
  6838 | D:8      | Reached skill level 10 in Dodging
  6864 | D:8      | Found a staircase to the Lair.
  7192 | D:8      | Noticed a two-headed ogre
  7221 | D:8      | Killed a two-headed ogre
  7221 | D:8      | Reached ** piety under Okawaru
  7221 | D:8      | Reached skill level 10 in Fighting
  7645 | D:8      | Noticed a two-headed hydra
  7690 | D:8      | Killed a two-headed hydra
  7690 | D:8      | Reached *** piety under Okawaru
  7690 | D:8      | Received a gift from Okawaru
  7690 | D:8      | Reached XP level 11. HP: 66/80 MP: 7/11
  7877 | D:8      | Killed a +2 mace of chaos
  7877 | D:8      | Received a gift from Okawaru
  7914 | D:8      | Killed chimenez's ghost
  8088 | D:9      | Found a sparkling altar of Nemelex Xobeh.
  8253 | D:9      | Found a staircase to the Orcish Mines.
  8374 | D:9      | Reached **** piety under Okawaru
  8417 | D:9      | Received a gift from Okawaru
  8726 | D:9      | Found a runed translucent door.
  8728 | D:9      | Noticed VeryBadPlayer's ghost (novice MiFi)
  8728 | D:9      | Noticed a stone giant
  8846 | D:10     | Entered Level 10 of the Dungeon
  9183 | D:10     | Received a gift from Okawaru
  9222 | D:10     | Got a pair of twisted gloves
  9233 | D:10     | Identified the +2 pair of gloves of Xubutuot {Dex+4 Slay+2}
                  | (You found it on level 10 of the Dungeon)
  9564 | D:10     | Killed an unseen horror
  9564 | D:10     | Received a gift from Okawaru
  9626 | D:11     | Noticed a brown ugly thing
  9634 | D:11     | Killed a brown ugly thing
  9634 | D:11     | Reached ***** piety under Okawaru
  9634 | D:11     | Received a gift from Okawaru
  9820 | D:11     | Found a runed translucent door.
  9820 | D:11     | Noticed Ethylacetat's ghost (journeyman NaGl)
 10070 | D:11     | Reached XP level 12. HP: 83/90 MP: 12/12
 10100 | D:11     | Received a gift from Okawaru
 10640 | D:12     | Reached skill level 11 in Crossbows
 10645 | D:12     | Noticed a soul eater
 10647 | D:12     | Noticed a soul eater
 10782 | D:12     | Noticed a four-headed hydra
 10790 | D:12     | Killed a four-headed hydra
 10790 | D:12     | Reached skill level 5 in Stealth
 10894 | D:12     | Reached skill level 12 in Crossbows
 10986 | D:12     | Received a gift from Okawaru
 11482 | D:13     | Noticed a centaur warrior
 11483 | D:13     | Killed a centaur warrior
 11493 | D:13     | Noticed a skeletal warrior
 11506 | D:13     | Killed a skeletal warrior
 11509 | D:13     | Noticed a skeletal warrior
 11509 | D:13     | Noticed a skeletal warrior
 11509 | D:13     | Noticed a skeletal warrior
 11520 | D:13     | Killed a skeletal warrior
 11520 | D:13     | Reached skill level 13 in Crossbows
 11520 | D:13     | Reached XP level 13. HP: 96/96 MP: 13/13
 11728 | D:13     | Noticed an eight-headed hydra
 11732 | D:13     | Killed an eight-headed hydra
 11766 | D:13     | Noticed an entropy weaver
 11788 | D:12     | Killed an entropy weaver
 11788 | D:12     | Reached skill level 14 in Crossbows
 12201 | D:13     | Noticed Maurice
 12219 | D:13     | Noticed an entropy weaver
 12233 | D:13     | Killed Maurice
 12241 | D:13     | Killed an entropy weaver
 12309 | D:13     | Reached skill level 10 in Stealth
 12456 | D:13     | Reached skill level 1 in Armour
 12570 | D:13     | Reached skill level 15 in Crossbows
 12902 | D:13     | Found Ischarino's Antique Armour Shoppe.
 12945 | D:13     | Noticed a five-headed hydra
 12986 | D:13     | Received a gift from Okawaru
 12998 | D:13     | Killed a five-headed hydra
 13323 | D:14     | Received a gift from Okawaru
 13522 | D:14     | Reached ****** piety under Okawaru
 13567 | D:14     | Reached XP level 14. HP: 103/103 MP: 14/14
 13575 | D:14     | Received a gift from Okawaru
 13583 | D:14     | Reached skill level 16 in Crossbows
 13636 | D:14     | Received a gift from Okawaru
 14074 | D:14     | Received a gift from Okawaru
 14083 | D:14     | Found a gate to the Vaults.
 14083 | D:14     | Noticed an ironheart preserver
 14313 | D:14     | Killed an ironheart preserver
 14718 | D:14     | Reached skill level 17 in Crossbows
 14896 | D:14     | Reached skill level 5 in Armour
 15199 | D:15     | Entered Level 15 of the Dungeon
 15221 | D:15     | Found a transporter.
 15223 | D:15     | Noticed mora's ghost (journeyman GnCj)
 15230 | D:15     | Noticed a vampire knight
 15313 | D:15     | Found a staircase to the Depths.
 15780 | D:15     | Reached skill level 18 in Crossbows
 15953 | D:14     | Received a gift from Okawaru
 16122 | D:15     | Received a gift from Okawaru
 16122 | D:15     | Reached XP level 15. HP: 103/107 MP: 15/15
 16764 | D:15     | Found a transporter.
 17265 | D:15     | Got a steaming ring mail
 18231 | D:11     | Killed Ethylacetat's ghost
 18383 | Orc:1    | Entered Level 1 of the Orcish Mines
 18426 | Orc:1    | Reached skill level 15 in Dodging
 18502 | Orc:1    | Noticed Snorg
 18504 | Orc:1    | Killed Snorg
 18649 | Orc:2    | Entered Level 2 of the Orcish Mines
 18824 | Orc:1    | Noticed Jorgrun
 18830 | Orc:1    | Killed Jorgrun
 19055 | Orc:1    | Found Tosiceur's Magic Scroll Shop.
 19060 | Orc:1    | Noticed Sonja
 19069 | Orc:1    | Killed Sonja
 19227 | Orc:1    | Noticed a stone giant
 19258 | Orc:1    | Killed a stone giant
 19662 | Orc:2    | Received a gift from Okawaru
 19664 | Orc:2    | Got a faintly glowing plate armour {god gift}
 19670 | Orc:1    | Identified the cursed +0 ring mail "Muonot" {rF++ rCorr
                  | Int+8 Dex-4} (You found it on level 15 of the Dungeon)
 19701 | Orc:1    | Identified the +1 plate armour of the Past {Int+3} (Okawaru
                  | gifted it to you on level 2 of the Orcish Mines)
 20065 | Orc:2    | Reached XP level 16. HP: 117/117 MP: 16/16
 20403 | Orc:2    | Found Etucuriwk's Weapon Emporium.
 20403 | Orc:2    | Found Luomevyt's Distillery.
 20411 | Orc:2    | Found Iluaphal's Antique Weapon Shop.
 20411 | Orc:2    | Found Dugy's Book Shoppe.
 20545 | Orc:2    | Reached skill level 15 in Fighting
 20634 | Orc:2    | Found a staircase to the Elven Halls.
 21185 | D:10     | Killed VeryBadPlayer's ghost
 21482 | Lair:1   | Entered Level 1 of the Lair of Beasts
 21567 | Lair:1   | Noticed Erica
 21578 | Lair:1   | Killed Erica
 21705 | Lair:1   | Received a gift from Okawaru
 22976 | Lair:3   | Found a hole to the Spider Nest.
 22990 | Lair:3   | Received a gift from Okawaru
 22996 | Lair:3   | Got a crystal triple crossbow {god gift}
 23007 | Lair:3   | Identified the +12 triple crossbow "Ymowonk" {flame, rPois
                  | rF+ rC+ rN+} (Okawaru gifted it to you on level 3 of the
                  | Lair of Beasts)
 23272 | Lair:3   | Identified the Almanac of the Birds
 23630 | Lair:4   | Found a glowing silver altar of Zin.
 23977 | Lair:4   | Found a staircase to the Shoals.
 24584 | Lair:5   | Received a gift from Okawaru
 24670 | Lair:5   | Reached skill level 19 in Crossbows
 25113 | Lair:5   | Reached XP level 17. HP: 126/126 MP: 17/17
 25552 | Lair:6   | Entered Level 6 of the Lair of Beasts
 25698 | Lair:6   | Found a staircase to the Slime Pits.
 25699 | Lair:6   | Found a viscous altar of Jiyva.
 25919 | Lair:6   | Found a runed translucent gate.
 25919 | Lair:6   | Found a runed translucent gate.
 25919 | Lair:6   | Found a runed translucent gate.
 25924 | Lair:6   | Noticed P0WERM0DE's ghost (journeyman DDFi)
 25926 | Lair:6   | Noticed barcode's ghost (journeyman HaWz)
 25955 | Lair:6   | Received a gift from Okawaru
 26223 | Lair:6   | Received a gift from Okawaru
 26490 | Lair:6   | Reached skill level 20 in Crossbows
 27124 | Lair:6   | Found the ring of the Mage {Wiz MR++ Int+3}
 27356 | Lair:6   | Killed barcode's ghost
 27363 | Lair:6   | Killed P0WERM0DE's ghost
 27385 | Lair:6   | Got a brightly glowing iron ring
 27401 | Lair:6   | Identified the ring of the King {Dex+6 SInv} (You found it
                  | on level 6 of the Lair of Beasts)
 27548 | Spider:1 | Entered Level 1 of the Spider Nest
 28654 | Spider:2 | Noticed Agnes
 28671 | Spider:2 | Killed Agnes
 28671 | Spider:2 | Reached skill level 21 in Crossbows
 29383 | Spider:2 | Received a gift from Okawaru
 29744 | Spider:2 | Noticed Donald
 29755 | Spider:2 | Killed Donald
 30074 | Spider:3 | Received a gift from Okawaru
 30074 | Spider:3 | Reached XP level 18. HP: 132/132 MP: 18/18
 30265 | Spider:3 | Reached skill level 22 in Crossbows
 31507 | Spider:4 | Entered Level 4 of the Spider Nest
 32873 | Spider:4 | Reached skill level 23 in Crossbows
 33580 | Spider:4 | Slain by an emperor scorpion

Skill      XL: |  1  2  3  4  5  6  7  8  9 10 11 12 13 14 15 16 17 18 |
---------------+-------------------------------------------------------+-----
Crossbows      | 5 6 7 8 10 13 15 18 19 21 23 | 23.2
Dodging        | 3 4 5 6 7 9 11 13 14 15 17 | 17.0
Fighting       | 3 4 5 7 8 10 12 13 14 16 | 16.1
Stealth        | 7 10 | 10.0
Armour         | 3 6 7 |  7.0

Action                   |  1- 3 |  4- 6 |  7- 9 | 10-12 | 13-15 | 16-18 || total
-------------------------+-------+-------+-------+-------+-------+-------++-------
Melee: Short sword       |       |   105 |   251 |       |       |       ||   356
       Spear             |       |       |    92 |   135 |       |    12 ||   239
       Hand crossbow     |       |       |       |     1 |       |       ||     1
       Arbalest          |       |       |       |       |       |     1 ||     1
 Fire: Hand crossbow     |    51 |    45 |   222 |   546 |   466 |       ||  1330
       Arbalest          |       |       |       |    31 |   566 |  1187 ||  1784
       Triple crossbow   |       |       |       |       |       |    21 ||    21
Throw: Stone             |       |       |     5 |     4 |       |       ||     9
Invok: Heroism           |       |       |       |    12 |    19 |     6 ||    37
       Finesse           |       |       |       |       |     6 |     6 ||    12
 Abil: Evoke Blink       |       |       |     1 |    22 |    21 |    14 ||    58
Evoke: Wand              |       |       |     7 |     2 |       |       ||     9
       Box of beasts     |       |       |       |     1 |     3 |       ||     4
       Sack of spiders   |       |       |       |       |     5 |       ||     5
  Use: Potion            |       |       |    10 |     1 |     4 |     7 ||    22
       Scroll            |       |       |    13 |     3 |    10 |    11 ||    37
 Stab: Sleeping          |       |     4 |     2 |     3 |       |       ||     9
  Eat: Chunk             |       |     8 |    11 |    16 |    27 |    29 ||    91
       Ration            |       |       |       |     1 |     3 |     5 ||     9
Armor: Leather armour    |     3 |    11 |    25 |    36 |    68 |    95 ||   238
       Troll leather arm |       |       |    46 |    30 |       |       ||    76
       Chain mail        |       |       |     8 |       |       |       ||     8
Dodge: Dodged            |     2 |    87 |   417 |   414 |   455 |   850 ||  2225
Block: Other             |       |    27 |   114 |   109 |    75 |   146 ||   471
       Reflection        |       |     3 |       |    17 |     7 |       ||    27
